 Dungeon Crawl Stone Soup version 0.31-a0-803-g95b03c3367 (webtiles) character file.

Game seed: 4386783220145311665

848 javelincjr the Ruffian (level 7, -16/58 HPs)
             Began as a Demigod Shapeshifter on Sept 20, 2023.
             Demolished by an ogre
             ... wielding a +0 giant club
              (35 damage)
             ... on level 4 of the Dungeon.
             The game lasted 00:22:11 (4185 turns).

javelincjr the Ruffian (Demigod Shapeshifter)       Turns: 4185, Time: 00:22:11

Health: -16/58     AC:  9    Str: 29    XL:     7   Next: 41%
Magic:  9/9        EV: 12    Int: 12    God:
Gold:   291        SH:  0    Dex: 13    Spells: 6/6 levels left

rFire   . . .        m - +2 flail (venom)
rCold   . . .        (no shield)
rNeg    . . .        j - +0 ring mail
rPois   .            (helmet currently unavailable)
rElec   .            (cloak currently unavailable)
rCorr   .            (gloves currently unavailable)
SInv    .            (boots currently unavailable)
Will    .....        (no amulet)
Stlth   +            o - +6 ring of strength
HPRegen 0.29/turn    n - +4 ring of protection
MPRegen 0.11/turn

%: no passive effects
@: beast-form
A: beast (slay +2), high MP 1, forlorn, divine attributes
a: Begin Untransformation


You were on level 4 of the Dungeon.
You were a hulking beast.
You visited 1 branch of the dungeon, and saw 6 of its levels.

You collected 291 gold pieces.

Inventory:

Hand Weapons
 k - a +0 spear
 m - a +2 flail of venom (weapon)
 p - a +0 dagger of venom
 B - a +1 glaive of flaming
Missiles
 h - 15 stones (quivered)
Armour
 a - a +0 animal skin
 j - a +0 ring mail (worn)
 q - a +0 helmet
 x - a +0 chain mail
Magical Staves
 f - a staff of earth
 C - a staff of fire
Jewellery
 l - a ring of magical power
 n - a +4 ring of protection (right hand)
 o - a +6 ring of strength (left hand)
 s - a +4 ring of protection
 D - a ring of see invisible
Talismans
 c - a beast talisman (active)
 d - a flux talisman
Scrolls
 e - a scroll of immolation {unknown}
 g - 4 scrolls of identify {unknown}
 w - 3 scrolls of teleportation {unknown}
 y - a scroll of revelation {unknown}
 z - a scroll of vulnerability {unknown}
 E - a scroll of amnesia {unknown}
 F - a scroll of enchant weapon {unknown}
Potions
 b - 2 potions of lignification
 i - a potion of curing
 r - a potion of berserk rage {unknown}
 t - a potion of resistance {unknown}
 u - a potion of brilliance {unknown}
 v - a potion of cancellation {unknown}
 A - a potion of degeneration {unknown}


   Skills:
 + Level 3.9 Fighting
 + Level 4.2 Dodging
 + Level 4.7 Unarmed Combat
 + Level 4.4 Shapeshifting


You had 6 spell levels left.
You didn't know any spells.
Your spell library contained the following spells:

 Spells                   Type           Power      Damage    Failure   Level
 Slow                     Hex            0%         N/A       43%         1
 Sublimation of Blood     Necr           0%         N/A       58%         2
 Wereblood                Tmut           0%         N/A       58%         2
 Confusing Touch          Hex            0%         N/A       82%         3
 Sigil of Binding         Hex            0%         N/A       82%         3
 Vampiric Draining        Necr           0%         2d6       82%         3
 Malign Gateway           Summ/Tloc      0%         N/A       100%        7
 Summon Hydra             Summ           0%         N/A       100%        7
 Summon Horrible Things   Summ           0%         N/A       100%        8


Dungeon Overview and Level Annotations

Branches:
Dungeon (6/15)
 Temple: D:4-7

Shops:
D:1 *[!!   D:3 ?


Innate Abilities, Weirdness & Mutations

You are a hulking beast.
Your limbs bulge with bestial killing power. (Slay +2)
You have an increased reservoir of magic. (+10% MP)
You shall have no god before yourself.
Your divine heritage dramatically boosts your attributes as you level up.


Message History

The gnoll misses you.
You closely miss the gnoll.
The gnoll is heavily wounded.
Your attacks no longer feel as feeble.
The gnoll barely misses you. x2
You closely miss the gnoll.
The gnoll is heavily wounded.
A scorpion comes into view.
The gnoll misses you.
An ogre comes into view. It is wielding a +0 giant club.
The scorpion moves out of view.
You closely miss the gnoll.
The gnoll is heavily wounded.
The ogre shouts!
The gnoll is no longer moving quickly.
The gnoll barely misses you.
A white imp comes into view.
A scorpion comes into view.
You hit the gnoll but do no damage.
The gnoll is heavily wounded.
The gnoll barely misses you. The gnoll closely misses you.
You sock the gnoll!
You kill the gnoll!
The white imp gestures at you. The puff of frost hits you!
There is a stone staircase leading up here.
You thump the scorpion!
The scorpion is poisoned.
The scorpion is heavily wounded.
The scorpion completely misses you.
The scorpion stings you but does no damage.
The scorpion barely misses you. The ogre hits you with a +0 giant club!
You climb upwards.
There is a stone staircase leading down here.
You closely miss the scorpion.
The scorpion is severely wounded.
You kill the scorpion!
The ogre hits you with a +0 giant club!
You sock the ogre!
The ogre is poisoned.
The ogre is heavily wounded.
The ogre hits you with a +0 giant club!!
Ouch! That really hurt!
You die...

######........# ...##.....#.###
...#......#.# ####
..........### ###..##
.##.......# ##.....####
...#....######...##....#
........####....##.....#
.#...##..##.....##.#...#
>#.......##.....h.###.##
.........##....O....###
......#.........##.###
..#...#.........##...##
..#.............[#....########
..#>.............)...........##
..............[..<.......#....#
..#...............###..##.....#
.######...........#...........#


You could see an ogre (very poisoned).

Vanquished Creatures
  Edmund (D:4)
  2 black bears
  An ogre (D:4)
  A centaur (D:5)
  A scorpion (D:4)
  A gnoll bouda (D:5)
  An orc priest (D:4)
  2 hounds
  An iguana (D:5)
  A sleepcap (D:5)
  An orc wizard (D:3)
  Robin (D:2)
  4 gnolls (D:5)
  An adder (D:3)
  An ufetubus (D:4)
  2 worms
  2 dart slugs (D:4)
  3 orcs (D:3)
  9 endoplasms
  2 giant cockroaches
  14 goblins
  6 hobgoblins
  4 kobolds
  A quokka (D:2)
  5 ball pythons
  5 bats
  6 rats
79 creatures vanquished.

Notes
Turn   | Place    | Note
-------+----------+-------------------------------------------
     0 | D:1      | javelincjr the Demigod Shapeshifter began the quest for the
                  | Orb.
     0 | D:1      | Reached XP level 1. HP: 15/15 MP: 3/3
    33 | D:1      | Reached skill level 1 in Fighting
   165 | D:1      | Found Uthalou's Assorted Antiques.
   297 | D:1      | Reached XP level 2. HP: 18/23 MP: 4/4
   533 | D:1      | Found Leedgh's Armour Boutique.
   552 | D:1      | Found Votzuofu's Distillery.
   579 | D:1      | Found a transporter.
   579 | D:1      | Found Wauforr's Distillery.
   658 | D:1      | Found a transporter.
  1158 | D:2      | Noticed Robin
  1163 | D:2      | Reached XP level 3. HP: 28/28 MP: 5/5
  1182 | D:2      | Killed Robin
  2301 | D:3      | Found Lozxu's Magic Scroll Emporium.
  2445 | D:4      | Noticed a black bear
  2453 | D:3      | Reached XP level 4. HP: 24/36 MP: 6/6
  2528 | D:4      | Noticed Edmund
  2608 | D:4      | Killed a black bear
  2609 | D:4      | Reached XP level 5. HP: 19/42 MP: 7/7
  2757 | D:4      | Noticed an ogre
  2768 | D:4      | Killed an ogre
  3078 | D:4      | Reached XP level 6. HP: 49/50 MP: 8/8
  3409 | D:4      | Killed Edmund
  3724 | D:5      | Entered Level 5 of the Dungeon
  4110 | D:5      | Reached XP level 7. HP: 52/57 MP: 9/9
  4185 | D:4      | Demolished by an ogre

Illustrated notes

Levels and vault maps discovered:
D:1:      nicolae_arrival_memento_mori, layout_loops_ring, serial_shops,
          nicolae_shop_tiny_waterfront, nicolae_shop_drivethru, shop, shop
D:2:      layout_basic, serial_bayou, serial_bayou_pond_d, serial_bayou_pond_e,
          serial_bayou_shore_b, serial_bayou_lagoon_a, hex_large, uniq_robin
D:3:      layout_loops_ring, mainiacjoe_overflow_alcove_4, serial_shops,
          nicolae_shop_rolled_up
D:4:      layout_cave_pools, dreamdust_princess_bridge, uniq_edmund
D:5:      cheibrodos_fertilizer, layout_gridville, grunt_temple_overflow_open,
          amethyst_overflow_temple_binary, kb_lookout_dungeons_type,
          minmay_diced_spiral, uniq_blork_the_orc
D:6:      layout_loops_ring, lemuel_round_altar, fedhas_altar_decomposition,
          minmay_temple_entry_nine_rooms, minmay_ruffians

Skill      XL: |  1  2  3  4  5  6 |
---------------+-------------------+-----
Fighting       | 1 2 3 |  3.9
Dodging        | 2 3 4 |  4.2
Unarmed Combat | 3 4 |  4.7
Shapeshifting  | 3 4 |  4.4

Action                     |  1- 3 |  4- 6 |  7- 9 || total
---------------------------+-------+-------+-------++-------
  Melee: Spear             |    83 |       |       ||    83
         Unarmed           |    11 |       |       ||    11
         Dagger            |   104 |    73 |       ||   177
         Punch             |     6 |     5 |       ||    11
         Flail             |       |    32 |    22 ||    54
  Throw: Stone             |       |    21 |       ||    21
    Use: Potion            |       |     2 |       ||     2
 Armour: Ring mail         |    76 |    76 |    25 ||   177
         Animal skin       |     5 |       |       ||     5
  Dodge: Dodged            |    90 |    80 |    34 ||   204

Table legend: (Time is in decaauts)
 A = Elapsed time spent in this place.
 B = Non-inter-level travel time spent in this place.
 C = Inter-level travel time spent in this place.
 D = Time resting spent in this place.
 E = Time spent auto-exploring this place.
 F = Levels seen in this place.
 G = Mean time per level.
                   A        B        C        D        E       F      G
               +--------+--------+--------+--------+--------+-----+--------+
         Total |   4237 |   3824 |    413 |    306 |   2236 |   6 |  706.2 |
       Dungeon |   4237 |   3824 |    413 |    306 |   2236 |   6 |  706.2 |
               +--------+--------+--------+--------+--------+-----+--------+

Top non-repeatable levels by time:
     D:3: 1004 daAuts
     D:4: 960 daAuts
     D:2: 903 daAuts
     D:1: 887 daAuts
     D:5: 376 daAuts
     D:6: 104 daAuts
